 Dungeon Crawl Stone Soup version 0.30.0-29-ga12c61a403 (webtiles) character file.

Game seed: 8278279225977432793

105 howech the Chopper (level 4, -10/40 HPs)
             Began as a Minotaur Berserker on June 21, 2023.
             Was a Believer of Trog.
             Mangled by an ogre
             ... wielding a +0 giant club
              (22 damage)
             ... on level 3 of the Dungeon.
             The game lasted 00:04:46 (1500 turns).

howech the Chopper (Minotaur Berserker)             Turns: 1500, Time: 00:04:46

Health: -10/40     AC:  6    Str: 22    XL:     4   Next: 53%
Magic:  3/3        EV: 11    Int:  6    God:    Trog [**....]
Gold:   120        SH:  0    Dex:  9    Spells: 3/3 levels left

rFire   . . .        a - +1 hand axe
rCold   . . .        (no shield)
rNeg    . . .        f - +0 ring mail
rPois   .            (helmet restricted)
rElec   .            c - +0 cloak
rCorr   .            (no gloves)
SInv    +            (no boots)
Will    .....        (no amulet) Stlth
                     j - ring of see invisible
HPRegen 0.26/turn    (no ring)
MPRegen 0.08/turn

%: no passive effects
@: no status effects
A: horns 2, retaliatory headbutt
a: Renounce Religion, Berserk, Trog's Hand


You were on level 3 of the Dungeon.
You worshipped Trog.
Trog was pleased with you.
You visited 1 branch of the dungeon, and saw 3 of its levels.

You collected 120 gold pieces.

Inventory:

Hand Weapons
 a - a +1 hand axe (weapon)
Missiles
 l - a poisoned dart (quivered)
 m - 6 datura-tipped darts
Armour
 c - a +0 cloak (worn)
 f - a +0 ring mail (worn)
 h - a +1 ring mail of positive energy
Jewellery
 j - a ring of see invisible (left hand)
Scrolls
 g - a scroll of enchant weapon
Potions
 d - 3 potions of curing
 e - 2 potions of degeneration {unknown}
 i - a potion of brilliance {unknown}
 k - 2 potions of invisibility {unknown}
 n - a potion of flight {unknown}


   Skills:
 + Level 4.1 Fighting
 * Level 4.6 Axes
 + Level 1.3 Throwing
 + Level 3.0 Armour
 + Level 2.7 Dodging
 + Level 1.4 Shields
 + Level 0.8 Evocations


You had 3 spell levels left.
You didn't know any spells.
Your spell library was empty.

Dungeon Overview and Level Annotations

Branches:
Dungeon (3/15)

Altars:
Fedhas


Innate Abilities, Weirdness & Mutations

You have a pair of horns on your head.
You reflexively headbutt those who attack you in melee.


Message History

The ogre looks more healthy.
Throw: 5 darts (poison)
Press: ? - help, Q - select action, (/) - cycle Shift-Dir - straight line, f/p - ogre
Aim: an ogre, wielding a +0 giant club (moderately wounded, 72% to hit)
You throw a poisoned dart. The poisoned dart hits the ogre.
The ogre is poisoned.
The ogre is moderately wounded.
You hit the ogre. Your headbutt misses the ogre.
The ogre is moderately wounded.
The ogre hits you with a +0 giant club!!
You slash the ogre!
The ogre is heavily wounded.
The ogre hits you with a +0 giant club!
* * * LOW HITPOINT WARNING * * *
Unknown command.
The ogre looks more healthy.
There is a blossoming altar of Fedhas here.
Throw: 4 darts (poison)
Press: ? - help, Q - select action, (/) - cycle Shift-Dir - straight line, f/p - ogre
Aim: an ogre, wielding a +0 giant club (severely wounded, 72% to hit)
You throw a poisoned dart. The poisoned dart hits the ogre.
The ogre is poisoned.
The ogre is severely wounded.
The ogre attacks as you move away! The ogre barely misses you.
The ogre attacks as you move away! The ogre completely misses you.
Throw: 3 darts (poison)
Press: ? - help, Q - select action, (/) - cycle Shift-Dir - straight line, f/p - ogre
Aim: an ogre, wielding a +0 giant club (severely wounded, poisoned, 72% to hit)
You throw a poisoned dart. The poisoned dart hits the ogre.
The ogre looks even sicker.
The ogre is severely wounded.
Throw: 2 darts (poison)
Press: ? - help, Q - select action, (/) - cycle Shift-Dir - straight line, f/p - ogre
Aim: an ogre, wielding a +0 giant club (almost dead, very poisoned, 72% to hit)
You throw a poisoned dart. The poisoned dart hits the ogre.
The ogre looks even sicker.
The ogre is almost dead.
The ogre hits you with a +0 giant club!!
Ouch! That really hurt!
You die...

#........# ##.##
#........# ##.#
#........# #.##
#####...## #..# #...#
####..# #...# ##.....#
#...########....#.#
...##...##............#
#.............@O....#
#.........#######...#
............#######...#
....######(.##........#
.... #..##......(## .).
#).##..####.# ..
#..##..#....# .!.
#..##..#._..#
....######......#....#


You could see an ogre (very poisoned).

Vanquished Creatures
  Jessica (D:2)
  Terence (D:2)
  An adder (D:2)
  A worm (D:2)
  A dart slug (D:2)
  3 ball pythons
  2 endoplasms
  4 giant cockroaches
  5 goblins
  5 hobgoblins
  4 kobolds
  4 quokkas
  A bat (D:1)
  2 rats
35 creatures vanquished.

Notes
Turn   | Place    | Note
-------+----------+-------------------------------------------
     0 | D:1      | howech the Minotaur Berserker began the quest for the Orb.
     0 | D:1      | Reached XP level 1. HP: 19/19 MP: 0/0
   189 | D:1      | Reached XP level 2. HP: 27/27 MP: 1/1
   690 | D:1      | Found a faded altar of an unknown god.
   866 | D:2      | Noticed Jessica
   869 | D:2      | Killed Jessica
   870 | D:2      | Reached skill level 1 in Throwing
   870 | D:2      | Reached skill level 1 in Shields
   870 | D:2      | Reached XP level 3. HP: 26/33 MP: 2/2
   961 | D:2      | Reached ** piety under Trog
   979 | D:2      | Noticed Terence
   985 | D:2      | Killed Terence
   986 | D:2      | Reached XP level 4. HP: 40/40 MP: 3/3
  1454 | D:3      | Found a blossoming altar of Fedhas.
  1471 | D:3      | Noticed an ogre
  1500 | D:3      | Mangled by an ogre

Illustrated notes

Levels and vault maps discovered:
D:1:      heliophobic_arrival_henge, layout_basic,
          hellmonk_ecumenical_altar_arch_garden
D:2:      layout_basic, uniq_jessica, uniq_terence
D:3:      layout_basic, mainiacjoe_overflow_chevrons,
          mainiacjoe_overflow_alcove_2, marbit_many_paths

Skill      XL: |  1  2  3  4 |
---------------+-------------+-----
Axes           | 4 |  4.6
Throwing       | 1 |  1.3
Shields        | 1 |  1.4
Fighting       | 4 |  4.1
Armour         | 3 |  3.0
Dodging        | |  2.7
Evocations     | |  0.8

Action                     |  1- 3 |  4- 6 || total
---------------------------+-------+-------++-------
  Melee: Hand axe          |    74 |    19 ||    93
         Headbutt          |    13 |       ||    13
  Throw: Dart              |       |     5 ||     5
 Invoke: Berserk           |     1 |       ||     1
    Use: Scroll            |     5 |     2 ||     7
 Armour: Ring mail         |    21 |     4 ||    25
         Animal skin       |     1 |       ||     1
  Dodge: Dodged            |    43 |     9 ||    52
